 Dungeon Crawl Stone Soup version 0.18.1-8-gdd0e5ea (webtiles) character file.

67 RudyRod the Firebug (level 4, -2/36 HPs)
             Began as a Naga Fire Elementalist on June 8, 2016.
             Slain by Purgy (7 damage)
             ... in a sewer.
             The game lasted 00:16:44 (1973 turns).

RudyRod the Firebug (Naga Fire Elementalist)        Turns: 1973, Time: 00:16:45

Health: -2/36      AC:  2    Str: 10    XL:     4   Next: 16%
Magic:  1/7        EV:  9    Int: 16    God:
Gold:   78         SH:  0    Dex: 12    Spells: 2 memorised, 4 levels left

rFire  . . .     SeeInvis +     k - -3 short sword (curse)
rCold  . . .     Gourm    .     a - +0 robe
rNeg   . . .     Faith    .     (no shield)
rPois  +         Spirit   .     (no helmet)
rElec  .         Dismiss  .     (no cloak)
rCorr  .         Reflect  .     (no gloves)
SustAt .         Harm     .     (no barding)
MR     .....                    j - amulet of regeneration
Stlth  ++........               (no ring)
                                (no ring)

@: very slightly contaminated, drained, very slow, not resistant to hostile
enchantments, unstealthy
A: see invisible, deformed body, poison resistance, slowness 2, slow metabolism
1, spit poison 2, AC +1
a: Spit Poison


You were in a sewer.
You were not hungry.

You visited 1 branch of the dungeon, and saw 3 of its levels.
You also visited: Sewer.

You collected 78 gold pieces.

Inventory:

Hand Weapons
 g - a +1 dagger
 k - a cursed -3 short sword (weapon)
Armour
 a - a +0 robe (worn)
Jewellery
 j - an amulet of regeneration (around neck)
 o - an uncursed amulet of faith
Scrolls
 i - 2 scrolls of identify {unknown}
 m - a scroll of amnesia
 q - a scroll of enchant weapon
Potions
 e - a potion of brilliance {unknown}
 h - a potion of might {unknown}
 l - a potion of lignification {unknown}
 n - 3 potions of ambrosia {unknown}
Books
 b - a book of Flames

   Spells                             Type                      Level
   a - Flame Tongue                   Conjuration/Fire             1
   b - Throw Flame                    Conjuration/Fire             2
   c - Conjure Flame                  Conjuration/Fire             3
   d - Inner Flame                    Hexes/Fire                   3
   e - Sticky Flame                   Conjuration/Fire             4
   f - Fireball                       Conjuration/Fire             5
Comestibles
 c - 4 bread rations
 f - a beef jerky
 p - a chunk of flesh


   Skills:
 * Level 1.0(0.4) Armour
 + Level 1.7(1.1) Dodging
 * Level 3.4(2.8) Stealth
 + Level 2.2(1.6) Spellcasting
 + Level 1.4(0.8) Conjurations
 + Level 4.0(3.3) Fire Magic


You had 4 spell levels left.
You knew the following spells:

 Your Spells              Type           Power        Failure   Level  Hunger
a - Flame Tongue          Conj/Fire      #....        12%         1    ##.....
b - Throw Flame           Conj/Fire      #.....       17%         2    ###....


Dungeon Overview and Level Annotations

Branches:
Dungeon (3/15)

Altars:
Xom

Annotations:
Sewer Purgy


Innate Abilities, Weirdness & Mutations

You cannot wear boots.
Your serpentine skin is tough (AC +1).
You have supernaturally acute eyesight.
Armour fits poorly on your strangely shaped body.
Your system is resistant to poisons.
You cover ground very slowly.
You have a slow metabolism.
You can spit poison.


Message History

You have got your breath back.
Purgy bites you. Purgy claws you.
* * * LOW HITPOINT WARNING * * *
Purgy claws you.
* * * LOW HITPOINT WARNING * * *
Purgy barely misses you. Purgy claws you.
* * * LOW HITPOINT WARNING * * *
Purgy closely misses you. Purgy bites you.
* * * LOW HITPOINT WARNING * * *
Purgy claws you.
* * * LOW HITPOINT WARNING * * *
Purgy claws you.
* * * LOW HITPOINT WARNING * * *
Some of the chunks of flesh in your inventory have rotted away.
Unknown command.
Why would you want to do that? Why would you want to do that? Purgy bites you!
You die...

#.# #.#
#.# ##.##
##...##
##.....##
#...≈...#
#T.≈≈≈..#
#@≈≈≈≈≈.#
#..≈≈≈..#
#...≈...#
##.....##
##.∩.##
##.## ###


You could see Purgy.

Vanquished Creatures
  2 adders
  A giant gecko (D:1)
  2 giant cockroaches
  6 hobgoblins
  3 jackals (D:1)
  2 quokkas (D:3)
  13 bats
  6 giant newts
  3 goblins
  5 kobolds
  6 rats
49 creatures vanquished.

Notes
Turn   | Place    | Note
--------------------------------------------------------------
     0 | D:1      | RudyRod the Naga Fire Elementalist began the quest for the Orb.
     0 | D:1      | Reached XP level 1. HP: 15/15 MP: 3/3
   399 | D:1      | Reached XP level 2. HP: 22/22 MP: 3/5
  1018 | D:1      | Reached XP level 3. HP: 27/28 MP: 2/6
  1601 | D:2      | Found a shimmering altar of Xom.
  1601 | D:2      | Found a shimmering altar of Xom.
  1602 | D:2      | Found a shimmering altar of Xom.
  1602 | D:2      | Found a shimmering altar of Xom.
  1602 | D:2      | Found a shimmering altar of Xom.
  1603 | D:2      | Found a shimmering altar of Xom.
  1649 | D:2      | You fall through a shaft!
  1728 | D:3      | Reached skill level 1 in Armour
  1728 | D:3      | Reached skill level 4 in Fire Magic
  1745 | D:3      | Reached XP level 4. HP: 28/36 MP: 0/7
  1834 | D:3      | Found a glowing drain.
  1839 | Sewer    | Entered a sewer
  1937 | Sewer    | Learned a level 2 spell: Throw Flame
  1946 | Sewer    | Noticed Purgy
  1973 | Sewer    | Slain by Purgy

Skill      XL: |  1  2  3 |
---------------+----------+-----
Armour         | 1 |  1.0
Fire Magic     | 4 |  4.0
Dodging        | |  1.7
Stealth        | |  3.4
Spellcasting   | |  2.2
Conjurations   | |  1.4

Action                   |  1- 3 |  4- 6 || total
-------------------------+-------+-------++-------
Melee: Dagger            |     1 |       ||     1
       Short sword       |     3 |     5 ||     8
Throw: Throwing net      |       |     3 ||     3
 Cast: Flame Tongue      |    54 |    13 ||    67
 Abil: Spit Poison       |    18 |     6 ||    24
  Use: Scroll            |     3 |       ||     3
  Eat: Chunk             |     4 |       ||     4
       Beef jerky        |       |     1 ||     1
Armor: Robe              |     8 |    13 ||    21
Dodge: Dodged            |    17 |    18 ||    35
